 Dungeon Crawl Stone Soup version 0.30-a0-782-ge64f9170bb (webtiles) character file.

Game seed: 7988770897380195577

1288 senseless the Fighter (level 8, -6/75 HPs)
             Began as a Hill Orc Fighter on Mar 6, 2023.
             Was an Initiate of Beogh.
             Killed by divine providence
             ... invoked by a daeva
             ... created by the Shining One
              (11 damage)
             ... on level 5 of the Dungeon.
             The game lasted 00:10:49 (4948 turns).

senseless the Fighter (Hill Orc Fighter)            Turns: 4948, Time: 00:10:50

Health: -6/75      AC: 10    Str: 21    XL:     8   Next: 55%
Magic:  8/8        EV:  4    Int:  8    God:    Beogh [......]
Gold:   273        SH: 14    Dex: 16    Spells: 7/7 levels left

rFire   . . .      SeeInvis .    j - +5 war axe (flame)
rCold   . . .      Faith    .    l - +0 tower shield
rNeg    . . .      Spirit   .    d - +0 chain mail
rPois   .          Reflect  .    (no helmet)
rElec   .          Harm     .    q - scarf {+Inv}
rCorr   .          Rampage  .    (no gloves)
Will    +....                    (no boots) Stlth
                                 (no amulet)
HPRegen 0.32/turn                b - +6 ring of dexterity
MPRegen 0.11/turn                i - ring of willpower

@: about to teleport, glowing
A: no striking features
a: Renounce Religion, Evoke Invisibility


You were on level 5 of the Dungeon.
You worshipped Beogh.
Beogh was noncommittal.
You visited 2 branches of the dungeon, and saw 6 of its levels.

You collected 273 gold pieces.

Inventory:

Hand Weapons
 j - a +5 war axe of flaming (weapon)
 k - a +3 mace
 p - a +2 heavy mace
Armour
 c - a +0 buckler
 d - a +0 chain mail (worn)
 l - a +0 tower shield (worn)
 o - the +1 robe "Esche" {Will+ Int-2 Dex+7}
   (You found it on level 3 of the Dungeon)

   Int:       It affects your intelligence (-2).
   Dex:       It affects your dexterity (+7).
   Will:      It increases your willpower.
 q - a scarf of invisibility (worn)
Jewellery
 b - a +6 ring of dexterity (left hand)
 i - a ring of willpower (right hand)
Scrolls
 e - 2 scrolls of teleportation
 s - a scroll of fear
 t - a scroll of poison {unknown}
Potions
 a - 2 potions of heal wounds {unknown}
 f - 3 potions of lignification {unknown}
 g - a potion of ambrosia
 h - 3 potions of curing
 m - a potion of haste
 n - a potion of flight {unknown}
 r - a potion of might


   Skills:
 * Level 8.5 Fighting
 + Level 6.3 Axes
 + Level 5.8 Armour
 + Level 5.9 Shields


You had 7 spell levels left.
You didn't know any spells.
Your spell library contained the following spells:

 Spells                   Type           Power      Damage    Failure   Level
 Apportation              Tloc           0%         N/A       100%        1
 Sandblast                Erth           0%         2d4       100%        1
 Passwall                 Tmut/Erth      0%         N/A       100%        2
 Gell's Gravitas          Tloc           0%         N/A       100%        3
 Ignite Poison            Fire/Tmut/Pois 0%         N/A       100%        3
 Kindle Blastsparks       Fire/Tloc/Air  0%         2d10      100%        3
 Stone Arrow              Conj/Erth      0%         3d7       100%        3
 Teleport Other           Tloc           0%         N/A       100%        3
 Animate Armour           Summ/Erth      0%         N/A       100%        4
 Cause Fear               Hex            0%         N/A       100%        4
 Freezing Cloud           Conj/Ice/Air   0%         6-21      100%        5
 Dispersal                Tloc           0%         N/A       100%        6
 Dragon Form              Tmut           0%         N/A       100%        7
 Lehudib's Crystal Spear  Conj/Erth      0%         10d2      100%        8
 Dragon's Call            Summ           0%         N/A       100%        9


Dungeon Overview and Level Annotations

Branches:
Dungeon (5/15)             Temple (1/1) D:5

Altars:
Ashenzari
Cheibriados
Dithmenos
Elyvilon
Gozag
Hepliaklqana
Kikubaaqudgha
Makhleb
Nemelex Xobeh
Okawaru
Qazlal
Ru
Sif Muna
Trog
Uskayaw
Vehumet
Wu Jian
Xom
Yredelemnul
Zin
The Shining One


Message History

No target in view!
No target in view!
No target in view!
No target in view!
No target in view!
No target in view!
No target in view!
No target in view!
No target in view!
No target in view!
No target in view!
You open the large door.
There is a large open door here.
You see here a +2 flail of draining.
t - a scroll labelled ISENUR MYACOCE
Found a stone staircase leading down.
The Shining One sends the divine host to punish you for your evil ways! 3 daevas come into view.
A daeva is wielding a +4 eudemon blade of holy wrath.
A daeva is wielding a +5 eudemon blade of holy wrath.
A daeva is wielding a +2 scimitar of holy wrath.
The daeva attacks as you move away! You block the daeva's attack.
The daeva hits you with a +2 scimitar of holy wrath!
The daeva moves out of view.
The daeva calls down the wrath of the Shining One upon you.
The Shining One smites you!
A quokka comes into view.
The daeva calls down the wrath of the Shining One upon you.
The Shining One smites you!
The daeva calls down the wrath of the Shining One upon you.
The Shining One smites you!
The daeva calls down the wrath of the Shining One upon you.
The Shining One smites you!
* * * LOW HITPOINT WARNING * * *
As you read the scroll of teleportation, it crumbles to dust.
You feel strangely unstable. You block the quokka's attack.
The daeva calls down the wrath of the Shining One upon you.
The Shining One smites you!
* * * LOW HITPOINT WARNING * * *
The daeva calls down the wrath of the Shining One upon you.
The Shining One smites you!
You die...

# #.#.....A............# #
#.........###........# #
#..#.....AA.#........#### #
##..#......#A#...........#
#
##...#......#.#........##.#
#
#...##......#A#.#########.#
# #.#.###....##.#.# #.# #
#.#........##.#.# #.#
####.#####....##@#.# #.#
..>...........##r#. #.#
##########....##.# #.####
####.##.# #..... #.##.#
###### #.#... ..#
.######.####.######## #.#
.............#<.....# #.#
.######.###########.#####.#


You could see 3 daevas and a quokka.

Vanquished Creatures
  Grinder (D:3)
  A water moccasin (D:5)
  2 black bears
  3 scorpions (D:5)
  A necrophage (D:5)
  3 vampire bats (D:4)
  4 hounds
  A jelly (D:4)
  Natasha (twice) (D:2)
  Terence (D:2)
  An iguana (D:5)
  An orc wizard (D:5)
  4 gnolls (D:2)
  7 adders
  A white imp (D:5)
  2 worms
  A dart slug (D:1)
  8 orcs
  6 ball pythons
  11 bats
  6 endoplasms
  2 giant cockroaches (D:1)
  9 goblins
  11 hobgoblins
  6 jackals
  4 kobolds
  A frilled lizard (D:1)
  3 rats (D:3)
103 creatures vanquished.

Vanquished Creatures (others)
  2 orcs (D:5)
2 creatures vanquished.

Grand Total: 105 creatures vanquished

Notes
Turn   | Place    | Note
-------+----------+-------------------------------------------
     0 | D:1      | senseless the Hill Orc Fighter began the quest for the Orb.
     0 | D:1      | Reached XP level 1. HP: 19/19 MP: 1/1
   110 | D:1      | Reached XP level 2. HP: 22/27 MP: 2/2
   415 | D:1      | Reached skill level 4 in Fighting
  1092 | D:2      | Reached XP level 3. HP: 33/33 MP: 3/3
  1484 | D:2      | Reached XP level 4. HP: 41/41 MP: 4/4
  1500 | D:2      | Noticed Natasha
  1509 | D:2      | Killed Natasha
  1598 | D:2      | Reached skill level 5 in Fighting
  1713 | D:2      | HP: 2/42 [gnoll/+0 spear (1)]
  1716 | D:2      | Reached XP level 5. HP: 2/48 MP: 5/5
  2038 | D:2      | Noticed Terence
  2046 | D:2      | Killed Terence
  2083 | D:2      | Noticed Natasha
  2088 | D:2      | Killed Natasha
  2422 | D:3      | Found a shadowy altar of Dithmenos.
  2681 | D:3      | Noticed Grinder
  2704 | D:3      | Killed Grinder
  2705 | D:3      | Reached skill level 6 in Fighting
  2705 | D:3      | Reached XP level 6. HP: 15/58 MP: 6/6
  2857 | D:3      | Found a white marble altar of Elyvilon.
  3053 | D:3      | Identified the +1 robe "Esche" {Will+ Int-2 Dex+7}
  3081 | D:3      | Found a faded altar of an unknown god.
  3084 | D:3      | Got Plato's Omnibus of the Geodesic
  3538 | D:4      | Reached XP level 7. HP: 64/64 MP: 7/7
  3552 | D:4      | Reached skill level 5 in Axes
  3713 | D:4      | Reached skill level 5 in Shields
  3784 | D:4      | Reached skill level 7 in Fighting
  3784 | D:4      | Reached skill level 5 in Armour
  4071 | D:5      | Entered Level 5 of the Dungeon
  4285 | D:5      | Reached XP level 8. HP: 33/74 MP: 8/8
  4292 | D:5      | Reached skill level 8 in Fighting
  4430 | D:5      | Found a staircase to the Ecumenical Temple.
  4443 | Temple   | Entered the Ecumenical Temple
  4443 | Temple   | Found a transporter.
  4443 | Temple   | Found a transporter.
  4445 | Temple   | Found a transporter.
  4445 | Temple   | Found a transporter.
  4475 | Temple   | Became a worshipper of the Shining One
  4856 | D:5      | Fell from the grace of the Shining One
  4856 | D:5      | Became a worshipper of Beogh the Brigand
  4942 | D:5      | Noticed a daeva
  4942 | D:5      | Noticed a daeva
  4942 | D:5      | Noticed a daeva
  4948 | D:5      | Killed from afar by a daeva

Illustrated notes

Levels and vault maps discovered:
D:1:      elethiomel_arrival_shortcut, layout_basic
D:2:      layout_basic, ebering_dispersal_statue_hall,
          minmay_misc_feat_secret_circle, uniq_natasha, uniq_terence
D:3:      layout_basic, elyvilon_altar_5, nicolae_dithmenos_the_darkroom,
          shapermc_ecumenical_altar_rom_forum, minmay_misc_feat_four_crosses,
          uniq_grinder
D:4:      layout_rooms, minmay_misc_feat_five, st_stairs_10, roderic_batcave
D:5:      layout_basic, minmay_temple_entry_slanted, kennysheep_generic_room_12
Temple:   hellmonk_temple_divided_pantheon

Skill      XL: |  1  2  3  4  5  6  7  8 |
---------------+-------------------------+-----
Fighting       | 4 5 6 7 8 |  8.5
Axes           | 3 4 5 6 |  6.3
Armour         | 4 5 |  5.8
Shields        | 4 5 |  5.9

Action                     |  1- 3 |  4- 6 |  7- 9 || total
---------------------------+-------+-------+-------++-------
  Melee: War axe           |    86 |   101 |    77 ||   264
 Invoke: Convert to Beogh  |       |       |     1 ||     1
    Use: Scroll            |     3 |     2 |     7 ||    12
         Potion            |       |     2 |       ||     2
 Armour: Scale mail        |    35 |    21 |       ||    56
         Chain mail        |       |    21 |    65 ||    86
  Dodge: Dodged            |    39 |    35 |    13 ||    87
  Block: Buckler           |    22 |    19 |       ||    41
         Tower shield      |       |    21 |    78 ||    99

Table legend: (Time is in decaauts)
 A = Elapsed time spent in this place.
 B = Non-inter-level travel time spent in this place.
 C = Inter-level travel time spent in this place.
 D = Time resting spent in this place.
 E = Time spent auto-exploring this place.
 F = Levels seen in this place.
 G = Mean time per level.
                   A        B        C        D        E       F      G
               +--------+--------+--------+--------+--------+-----+--------+
         Total |   5069 |   4487 |    582 |    137 |   3525 |   6 |  844.8 |
       Dungeon |   5022 |   4440 |    582 |    137 |   3519 |   5 | 1004.4 |
        Temple |     46 |     46 |      0 |      0 |      6 |   1 |   46.0 |
               +--------+--------+--------+--------+--------+-----+--------+

Top non-repeatable levels by time:
     D:2: 1361 daAuts
     D:1: 1096 daAuts
     D:3: 1077 daAuts
     D:4: 749 daAuts
     D:5: 737 daAuts
  Temple: 46 daAuts
